[Event "ICC tourney 2250 (120 10)"]
[Site "Internet Chess Club"]
[Date "2020.12.29"]
[Round "8"]
[White "mentalgiant"]
[Black "RagingKnightNC"]
[Result "0-1"]
[ICCResult "White resigns"]
[WhiteElo "1632"]
[BlackElo "2112"]
[Opening "King's Indian: Torre attack"]
[ECO "A48"]
[NIC "QP.01"]
[Time "17:23:14"]
[PlyCount "70"]
[TimeControl "7200+10"]

1. d4 Nf6 2. Nf3 g6 3. Bg5 Bg7 4. Nbd2 d5 5. e3 O-O 6. Bd3 Bg4 7. Qe2 c6 8.
h3 Bxf3 9. Qxf3 Nbd7 10. c3 e5 11. dxe5 Nxe5 12. Qe2 Nxd3+ 13. Qxd3 Qb6 14.
O-O-O Nd7 15. f3 Nc5 16. Qc2 a5 17. Bh4 a4 18. Nb1 Rfe8 19. Bf2 Bh6 20.
Rhe1 Nd7 21. Rd4 Ne5 22. Nd2 Qa5 23. Kb1 b5 24. f4 Nc4 25. Nxc4 bxc4 26. a3
Bg7 27. Rd2 Rab8 28. Ka2 Rb3 29. e4 Bxc3 30. bxc3 Rxc3 31. Qd1 Rb8 32. exd5
Rbb3 33. Re8+ Kg7 34. Bd4+ Kh6 35. Bxc3 Qxc3 { White resigns } 0-1

[Event "ICC tourney 2250 (120 10)"]
[Site "Internet Chess Club"]
[Date "2020.12.29"]
[Round "8"]
[White "shianen"]
[Black "Wushukyle"]
[Result "1-0"]
[ICCResult "Black resigns"]
[WhiteElo "2195"]
[BlackElo "1611"]
[Opening "QGD semi-Slav: Stoltz variation"]
[ECO "D45"]
[NIC "SL.08"]
[Time "17:22:55"]
[PlyCount "61"]
[TimeControl "7200+10"]

1. d4 Nf6 2. c4 e6 3. Nf3 d5 4. Nc3 c6 5. e3 Nbd7 6. Qc2 Bd6 7. b3 e5 8.
dxe5 Nxe5 9. Nxe5 Bxe5 10. Bb2 O-O 11. h3 d4 12. exd4 Bxd4 13. O-O-O c5 14.
Kb1 Qa5 15. g4 a6 16. Bd3 g6 17. f3 b5 18. g5 bxc4 19. Bxc4 Nh5 20. Nd5
Bxb2 21. Ne7+ Kg7 22. Qxb2+ f6 23. Bd5 c4 24. Bxa8 c3 25. Qc2 Be6 26. Bd5
Bd7 27. Bc4 Bb5 28. Bxb5 axb5 29. Nc6 Qc7 30. Qxc3 Ng3 31. Rhe1 { Black
resigns } 1-0

[Event "ICC tourney 2250 (120 10)"]
[Site "Internet Chess Club"]
[Date "2020.12.29"]
[Round "8"]
[White "Drachekokosnuss"]
[Black "wolfchess1"]
[Result "1-0"]
[ICCResult "Black resigns"]
[WhiteElo "2100"]
[BlackElo "2077"]
[Opening "Sicilian: Kan, 5.Nc3"]
[ECO "B43"]
[NIC "SI.41"]
[Time "17:23:06"]
[PlyCount "69"]
[TimeControl "7200+10"]

1. e4 c5 2. Nf3 e6 3. d4 cxd4 4. Nxd4 a6 5. Nc3 Qc7 6. g3 Bb4 7. Bd2 Nf6 8.
Bg2 Nc6 9. Nxc6 bxc6 10. O-O O-O 11. Bf4 e5 12. Bg5 Be7 13. Qd3 Bb7 14.
Rad1 Rfd8 15. f4 d6 16. f5 Rd7 17. Bxf6 Bxf6 18. Na4 Rad8 19. Kh1 Qa5 20.
b3 d5 21. c4 dxe4 22. Qxd7 Rxd7 23. Rxd7 Bc8 24. Ra7 h6 25. Ra8 Qc7 26. c5
Kh7 27. Nb6 Bb7 28. Re8 e3 29. Bf3 a5 30. Rd1 e4 31. Rd7 Qc8 32. Nxc8 Bxc8
33. Rxc8 exf3 34. Re8 e2 35. Kg1 { Black resigns } 1-0

[Event "ICC tourney 2250 (120 10)"]
[Site "Internet Chess Club"]
[Date "2020.12.29"]
[Round "8"]
[White "pangpangba"]
[Black "pawnpush202044"]
[Result "0-1"]
[ICCResult "White resigns"]
[WhiteElo "1656"]
[BlackElo "1915"]
[Opening "Sicilian: Najdorf, Byrne (English) attack"]
[ECO "B90"]
[NIC "SI.14"]
[Time "17:23:03"]
[PlyCount "92"]
[TimeControl "7200+10"]

1. e4 c5 2. Nf3 d6 3. d4 cxd4 4. Nxd4 Nf6 5. Nc3 a6 6. Be3 e5 7. Nb3 Be7 8.
f3 Be6 9. Qd2 O-O 10. Be2 Nbd7 11. Nd5 Bxd5 12. exd5 Rc8 13. c4 Nc5 14.
Nxc5 dxc5 15. Rd1 Bd6 16. O-O Qc7 17. a3 Nd7 18. b4 f5 19. Rc1 f4 20. Bf2
Nf6 21. Bd3 Qe7 22. b5 axb5 23. cxb5 Ra8 24. Qa2 Kh8 25. a4 b6 26. Rfe1 Ra5
27. Rc4 Nxd5 28. Kh1 Qf7 29. Qb3 Nf6 30. Qc2 Rfa8 31. Be4 Nxe4 32. Rexe4
R5a7 33. h3 Rd7 34. Be1 Qg6 35. Bc3 Rad8 36. Qf2 Be7 37. Bxe5 Rd1+ 38. Re1
R8d2 39. Rxd1 Rxf2 40. Rg1 h5 41. Bxf4 Bd6 42. Bxd6 Qxd6 43. Rcc1 Qd4 44.
a5 bxa5 45. Rb1 Rb2 46. b6 Qb4 { White resigns } 0-1

[Event "ICC tourney 2250 (120 10)"]
[Site "Internet Chess Club"]
[Date "2020.12.29"]
[Round "8"]
[White "KRASAVCHIK"]
[Black "tigeriz"]
[Result "1-0"]
[ICCResult "Black resigns"]
[WhiteElo "2458"]
[BlackElo "2393"]
[Opening "Four knights: Gunsberg variation"]
[ECO "C47"]
[NIC "KP.06"]
[Time "17:23:43"]
[PlyCount "91"]
[TimeControl "7200+10"]

1. e4 e5 2. Nf3 Nc6 3. Nc3 Nf6 4. a3 d5 5. Bb5 d4 6. Ne2 Bd7 7. Ng3 Bd6 8.
c3 O-O 9. O-O Re8 10. d3 dxc3 11. bxc3 Qe7 12. a4 Rad8 13. Rb1 Na5 14. Bxd7
Rxd7 15. Nf5 Qd8 16. Bg5 c5 17. Ne3 Nc6 18. Ng4 Be7 19. Ngxe5 Nxe5 20. Nxe5
Nxe4 21. Nxd7 Nxc3 22. Qb3 Nxb1 23. Ne5 c4 24. Qxc4 Rf8 25. Rxb1 Bxg5 26.
Rxb7 Qa5 27. Nf3 Bf6 28. g3 h6 29. Kg2 Kh7 30. h4 Rd8 31. Qxf7 Qf5 32. d4
a6 33. Rb6 a5 34. h5 Kh8 35. Re6 Kh7 36. d5 Rxd5 37. Rxf6 Qxh5 38. Qxh5
Rxh5 39. Rb6 Rd5 40. Rb5 Rxb5 41. axb5 a4 42. b6 a3 43. Nd4 a2 44. Nc2 a1=N
45. Nd4 Nb3 46. Nxb3 { Black resigns } 1-0

[Event "ICC tourney 2250 (120 10)"]
[Site "Internet Chess Club"]
[Date "2020.12.29"]
[Round "8"]
[White "savchess06"]
[Black "ChessKidA8"]
[Result "1/2-1/2"]
[ICCResult "Game drawn by mutual agreement"]
[WhiteElo "2085"]
[BlackElo "2123"]
[Opening "French: Albin-Alekhine-Châtard attack"]
[ECO "C13"]
[NIC "FR.06"]
[Time "17:22:51"]
[PlyCount "77"]
[TimeControl "7200+10"]

1. e4 e6 2. d4 d5 3. Nc3 Nf6 4. Bg5 Be7 5. e5 Nfd7 6. h4 h6 7. Bxe7 Qxe7 8.
f4 a6 9. Qg4 O-O 10. f5 exf5 11. Qf3 Qb4 12. O-O-O c5 13. Nxd5 Qa5 14. Ne7+
Kh8 15. Bd3 c4 16. Bxc4 Nc6 17. Nxc6 bxc6 18. Ne2 Nb6 19. Bb3 Be6 20. Qc3
Qb5 21. Nf4 Nd5 22. Nxd5 cxd5 23. Qd3 Qb6 24. Qf3 Rab8 25. Rd3 a5 26. a4
Rfc8 27. Rhd1 Qb4 28. Rc3 Rxc3 29. Qxc3 Qxc3 30. bxc3 Rc8 31. Kd2 g5 32.
hxg5 hxg5 33. Ba2 Rb8 34. g3 Kg7 35. Ke3 Kf8 36. Rh1 Kg7 37. Bb3 Kg6 38.
Rd1 Rc8 39. Rd3 { Game drawn by mutual agreement } 1/2-1/2

[Event "ICC tourney 2250 (120 10)"]
[Site "Internet Chess Club"]
[Date "2020.12.29"]
[Round "8"]
[White "RajeshCS"]
[Black "giorgibagaturov"]
[Result "0-1"]
[ICCResult "White resigns"]
[WhiteElo "2310"]
[BlackElo "2481"]
[Opening "English opening"]
[ECO "A10"]
[NIC "EO.64"]
[Time "17:23:00"]
[PlyCount "100"]
[TimeControl "7200+10"]

1. c4 g6 2. Nc3 Bg7 3. g3 Nf6 4. Bg2 O-O 5. Nf3 d5 6. cxd5 Nxd5 7. O-O Nc6
8. Nxd5 Qxd5 9. d3 Qh5 10. a3 Bh3 11. Qb3 Bxg2 12. Kxg2 Rab8 13. Qa4 Qd5
14. Kg1 Rfe8 15. Rb1 e5 16. Qc4 Qxc4 17. dxc4 e4 18. Nh4 Nd4 19. Re1 Nc2
20. Rf1 e3 21. f4 Nd4 22. Re1 Rbd8 23. b4 Nc2 24. Rf1 Rd2 25. Bxd2 exd2 26.
Nf3 Nxa3 27. Rb3 Nxc4 28. Kf2 Bf8 29. Rd1 a5 30. bxa5 Bc5+ 31. Kf1 Ne3+ 32.
Rxe3 Bxe3 33. Nxd2 Rd8 34. Ke1 f5 35. g4 Kf7 36. h3 Rd7 37. g5 Ke7 38. h4
Ke8 39. h5 gxh5 40. Nc4 Bf2+ 41. Kxf2 Rxd1 42. Ne3 Ra1 43. Nxf5 Rxa5 44.
Ng7+ Kf7 45. Nxh5 h6 46. e4 hxg5 47. f5 c5 48. Kf3 c4 49. Ke3 Ra3+ 50. Kd4
Rh3 { White resigns } 0-1

[Event "ICC tourney 2250 (120 10)"]
[Site "Internet Chess Club"]
[Date "2020.12.29"]
[Round "8"]
[White "Aleksandrov73"]
[Black "superind"]
[Result "1-0"]
[ICCResult "Black resigns"]
[WhiteElo "2629"]
[BlackElo "2710"]
[Opening "Queen's Indian: 4.e3"]
[ECO "E14"]
[NIC "QI.03"]
[Time "17:23:43"]
[PlyCount "79"]
[TimeControl "7200+10"]

1. Nf3 Nf6 2. e3 e6 3. c4 b6 4. d4 Bb7 5. Nc3 Bb4 6. Bd2 O-O 7. Bd3 Bxc3 8.
Bxc3 Ne4 9. Bxe4 Bxe4 10. d5 exd5 11. Qd4 Qf6 12. Qxf6 gxf6 13. Nd2 Re8 14.
Nxe4 dxe4 15. Bxf6 Re6 16. Bc3 Rc6 17. b3 b5 18. O-O-O bxc4 19. b4 Re6 20.
Rd4 c6 21. Rxc4 d5 22. Rc5 Na6 23. Ra5 Nc7 24. a4 a6 25. Kb2 Kf8 26. Bd4
Rb8 27. Ka3 Ke7 28. f4 exf3 29. gxf3 Rg8 30. f4 Re4 31. Rc1 Rg6 32. Rc3 Kd7
33. Bb6 Na8 34. Rxa6 Nxb6 35. Rxb6 Kc7 36. a5 Rc4 37. Rxc4 dxc4 38. b5 cxb5
39. Rxg6 hxg6 40. e4 { Black resigns } 1-0

[Event "ICC tourney 2250 (120 10)"]
[Site "Internet Chess Club"]
[Date "2020.12.29"]
[Round "8"]
[White "Adhvaith0406"]
[Black "Dipankar007"]
[Result "1-0"]
[ICCResult "Black resigns"]
[WhiteElo "2033"]
[BlackElo "1850"]
[Opening "Queen's pawn: London system"]
[ECO "A45"]
[NIC "QP.07"]
[Time "17:23:13"]
[PlyCount "123"]
[TimeControl "7200+10"]

1. d4 Nf6 2. Bf4 g6 3. Nc3 c5 4. d5 d6 5. e4 Bg7 6. h4 Qb6 7. Bb5+ Bd7 8.
a4 a6 9. a5 Qc7 10. Bc4 b6 11. axb6 Qxb6 12. Bb3 c4 13. Be3 Qb4 14. Qd4 O-O
15. Qxc4 Qxc4 16. Bxc4 Rc8 17. Bb3 Ng4 18. Bd2 a5 19. Ba4 Ne5 20. Nge2 Nc4
21. b3 Nxd2 22. Kxd2 Bf6 23. f3 h5 24. g3 Kf8 25. Ra2 Ra7 26. Bxd7 Nxd7 27.
Nb5 Ra6 28. c4 Nc5 29. Ned4 e5 30. Nc6 Nxb3+ 31. Kc3 a4 32. Nxd6 Rca8 33.
Nb5 Bd8 34. Nxe5 Bf6 35. f4 Re8 36. Nc7 Rxe5 37. Nxa6 Rxe4+ 38. Kb4 Be7+
39. Kxa4 Nc5+ 40. Nxc5 Rxc4+ 41. Kb3 Rxc5 42. Ra8+ Kg7 43. Rd1 Rb5+ 44. Ka2
Rb6 45. Rc8 Rd6 46. Rc6 Bf8 47. Rxd6 Bxd6 48. Kb3 Kf6 49. Re1 Kf5 50. Kc4
Kg4 51. Re3 Bb8 52. Rd3 Bd6 53. Kb5 Kf5 54. Kc6 Be7 55. d6 Bd8 56. d7 Ke6
57. Re3+ Kf5 58. Re8 Bf6 59. d8=Q Bxd8 60. Rxd8 Kg4 61. Rd3 Kh3 62. Kd7 {
Black resigns } 1-0

[Event "ICC tourney 2250 (120 10)"]
[Site "Internet Chess Club"]
[Date "2020.12.29"]
[Round "8"]
[White "investigator"]
[Black "BlueJay01"]
[Result "1-0"]
[ICCResult "Black resigns"]
[WhiteElo "2106"]
[BlackElo "2094"]
[Opening "English opening"]
[ECO "A20"]
[NIC "EO.24"]
[Time "17:23:08"]
[PlyCount "89"]
[TimeControl "7200+10"]

1. c4 e5 2. g3 d6 3. Bg2 f5 4. Nc3 Nf6 5. e4 Nc6 6. Nge2 Be7 7. d3 O-O 8.
O-O Kh8 9. f3 Be6 10. Be3 Qd7 11. Nd5 Bd8 12. Qd2 Ne7 13. Rac1 Neg8 14.
Nec3 c6 15. Nxf6 Nxf6 16. exf5 Bxf5 17. d4 Bc7 18. dxe5 dxe5 19. Qxd7 Nxd7
20. Rcd1 Be6 21. b3 Nb6 22. Bc5 Rfd8 23. Ne4 Rd7 24. Rxd7 Nxd7 25. Bd6 Bxd6
26. Nxd6 Nc5 27. b4 Nd3 28. Rb1 Rd8 29. c5 Kg8 30. Bf1 Bxa2 31. Bxd3 Bxb1
32. Bxb1 Rd7 33. Be4 Rc7 34. Kf2 h6 35. Ke3 b6 36. Nc4 Kf8 37. Nxe5 bxc5
38. bxc5 Ke7 39. Kd4 Ke6 40. Bxc6 a5 41. f4 Ra7 42. Bd5+ Kf5 43. Nc6 Ra6
44. Kc4 a4 45. Kb5 { Black resigns } 1-0

[Event "ICC tourney 2250 (120 10)"]
[Site "Internet Chess Club"]
[Date "2020.12.29"]
[Round "8"]
[White "hidedozyo"]
[Black "NightMovesTN"]
[Result "1-0"]
[ICCResult "Black resigns"]
[WhiteElo "2200"]
[BlackElo "2398"]
[Opening "Nimzo-Indian: classical variation"]
[ECO "E32"]
[NIC "NI.20"]
[Time "17:23:10"]
[PlyCount "57"]
[TimeControl "7200+10"]

1. d4 Nf6 2. c4 e6 3. Nc3 Bb4 4. Qc2 O-O 5. a3 Bxc3+ 6. Qxc3 a5 7. Bg5 h6
8. Bxf6 Qxf6 9. Nf3 d6 10. e3 Nc6 11. Bd3 a4 12. O-O e5 13. d5 Ne7 14. Nd2
Bf5 15. e4 Bd7 16. c5 Qg6 17. f3 Rac8 18. Nc4 Bh3 19. Qd2 f5 20. Kh1 fxe4
21. fxe4 Bd7 22. cxd6 Rxf1+ 23. Rxf1 cxd6 24. Nb6 Rc7 25. Qa5 Rc5 26. Qa8+
Be8 27. Qd8 Kh7 28. Qxe7 Bb5 29. Nd7 { Black resigns } 1-0

[Event "ICC tourney 2250 (120 10)"]
[Site "Internet Chess Club"]
[Date "2020.12.29"]
[Round "8"]
[White "JKogen"]
[Black "MBJPM"]
[Result "0-1"]
[ICCResult "White resigns"]
[WhiteElo "2354"]
[BlackElo "2337"]
[Opening "Two knights defense (Modern bishop's opening)"]
[ECO "C55"]
[NIC "IG.01"]
[Time "17:23:07"]
[PlyCount "130"]
[TimeControl "7200+10"]

1. e4 e5 2. Nf3 Nc6 3. Bc4 Nf6 4. d3 Be7 5. c3 O-O 6. Nbd2 d5 7. exd5 Nxd5
8. O-O Kh8 9. Re1 f6 10. h3 Nb6 11. Bb5 Bd7 12. Qe2 Bd6 13. Ne4 a6 14. Bxc6
Bxc6 15. d4 exd4 16. Nxd4 Qd7 17. Nxd6 Qxd6 18. Qg4 Bd7 19. Nf5 Bxf5 20.
Qxf5 Rae8 21. Bf4 Qd5 22. Qxd5 Nxd5 23. Bg3 b5 24. Kf1 Kg8 25. a4 Rxe1+ 26.
Kxe1 f5 27. axb5 axb5 28. Kd2 f4 29. Bh2 g5 30. Re1 Rd8 31. Kc2 Kf7 32. Bg1
c6 33. f3 Ne7 34. Re2 Nf5 35. Bf2 Rd6 36. Re4 Rd5 37. b3 Nd6 38. Re1 c5 39.
Ra1 c4 40. Ra7+ Kg6 41. Rd7 Rd3 42. bxc4 bxc4 43. Bc5 Ne4 44. Bd4 Ng3 45.
Rg7+ Kh6 46. Rc7 Nf1 47. Rxc4 Rd2+ 48. Kc1 Rxg2 49. Rc6+ Kh5 50. c4 Nd2 51.
Bg7 Kh4 52. c5 Nb3+ 53. Kd1 Rd2+ 54. Ke1 Rc2 55. Bf8 Kg3 56. Rb6 Nxc5 57.
Kd1 Rc4 58. Be7 Kxf3 59. Bxg5 Ne4 60. Bh6 Rd4+ 61. Kc1 Nd6 62. Ra6 Nf5 63.
Bg5 Kg3 64. Rf6 Rd5 65. Rf7 f3 { White resigns } 0-1

[Event "ICC tourney 2250 (120 10)"]
[Site "Internet Chess Club"]
[Date "2020.12.29"]
[Round "8"]
[White "espark"]
[Black "helavir"]
[Result "0-1"]
[ICCResult "White resigns"]
[WhiteElo "2338"]
[BlackElo "2626"]
[Opening "Caro-Kann defense"]
[ECO "B15"]
[NIC "CK.05"]
[Time "17:23:02"]
[PlyCount "108"]
[TimeControl "7200+10"]

1. e4 c6 2. d4 d5 3. Nc3 a6 4. Nf3 Bg4 5. Be3 e6 6. Bd3 Nf6 7. h3 Bh5 8.
O-O Be7 9. a3 dxe4 10. Nxe4 Nxe4 11. Bxe4 Nd7 12. Re1 Nf6 13. Bd3 O-O 14.
c4 a5 15. b3 Qc7 16. Be2 Rfd8 17. Qc2 c5 18. Red1 b6 19. Qb2 h6 20. Kh1 Bd6
21. Kg1 Rab8 22. Qc2 Rd7 23. Ne1 Bg6 24. Qb2 Rbd8 25. Nf3 Bh5 26. g4 Bg6
27. Ne5 Bxe5 28. dxe5 Rxd1+ 29. Rxd1 Rxd1+ 30. Bxd1 Nd7 31. f4 Be4 32. Qf2
Nb8 33. Bf3 Qc6 34. Bg2 a4 35. bxa4 Bxg2 36. Qxg2 Qxa4 37. Qb7 Nd7 38. Bf2
Qd1+ 39. Kg2 Qd3 40. Bg3 Qd2+ 41. Bf2 Nf8 42. Qxb6 Ng6 43. Qxc5 Nxf4+ 44.
Kg3 g5 45. Qe3 Qd1 46. Qe1 Qd3+ 47. Be3 Qxa3 48. c5 Nd3 49. Qd2 Nxe5 50.
Qd4 Nc6 51. Qe4 Ne7 52. Kf2 Qa2+ 53. Kf3 Nd5 54. c6 Qh2 { White resigns }
0-1